 Dungeon Crawl Stone Soup version 0.28.0-45-g0d030f2227 (webtiles) character file.

Game seed: 1005594489998372633

56 Qrupt the Poker (level 3, 0/29 HPs)
             Began as a Merfolk Gladiator on Apr 3, 2022.
             Succumbed to Jessica's poison
             ... on level 2 of the Dungeon.
             The game lasted 00:02:15 (1227 turns).

Qrupt the Poker (Merfolk Gladiator)                 Turns: 1227, Time: 00:02:16

Health: 0/29       AC:  6    Str: 16    XL:     3   Next: 97%
Magic:  3/3        EV: 13    Int:  7    God:
Gold:   53         SH:  0    Dex: 15    Spells: 2/2 levels left

rFire   . . .      SeeInvis .   a - +0 trident
rCold   . . .      Faith    .   (no shield)
rNeg    . . .      Spirit   .   b - +0 leather armour
rPois   .          Reflect  .   c - +0 helmet
rElec   .          Harm     .   i - +0 cloak
rCorr   .          Rampage  .   (no gloves)
Will    .....                   g - +0 pair of boots
Stlth   +.........              (no amulet)
HPRegen 0.09/turn               (no ring)
MPRegen 0.08/turn               (no ring)

@: lethally poisoned (0 -> -17)
A: (nimble swimmer 2), mertail
a: no special abilities


You were on level 2 of the Dungeon.
You visited 1 branch of the dungeon, and saw 2 of its levels.

You collected 53 gold pieces.

Inventory:

Hand Weapons
 a - a +0 trident (weapon)
Missiles
 d - 3 throwing nets (quivered)
Armour
 b - a +0 leather armour (worn)
 c - a +0 helmet (worn)
 g - a +0 pair of boots (worn)
 i - a +0 cloak (worn)
Scrolls
 e - a scroll of enchant armour {unknown}
 f - a scroll of holy word {unknown}
 h - a scroll of fear {unknown}


   Skills:
 + Level 3.0 Fighting
 + Level 5.1 Polearms
 + Level 2.6 Throwing
 + Level 4.6 Dodging


You had 2 spell levels left.
You didn't know any spells.
Your spell library was empty.

Dungeon Overview and Level Annotations

Branches:
Dungeon (2/15)

Altars:

Annotations:
D:2 Robin


Innate Abilities, Weirdness & Mutations

((You are very nimble when in or above water. (Stealth+, EV+, Speed+++)))
Your lower body shifts to a powerful aquatic tail in water.


Message History

The worm is severely wounded.
The worm closely misses you.
You puncture the worm!
You kill the worm!
Your Fighting skill increases to level 3!
No target in view!
You see here a worm corpse.
Jessica the Apprentice Sorceress comes into view.
She is wielding a +2 dagger of venom.
Jessica mumbles some strange words.
Jessica blinks!
Jessica moves out of view.
Jessica is nearby!
Jessica is nearby!
Jessica is nearby!
Jessica is nearby!
Jessica mumbles some strange words.
Jessica blinks!
You completely miss Jessica. Jessica gestures at you while chanting.
Pain shoots through your body!
You barely miss Jessica. Jessica misses you.
You closely miss Jessica.
Jessica hits you with a +2 dagger of venom!
You are poisoned.
You hit Jessica but do no damage.
You feel very sick. Jessica completely misses you.
You puncture Jessica!
Jessica is severely wounded.
You feel very sick.
Jessica hits you with a +2 dagger of venom.
You are lethally poisoned!
You closely miss Jessica.
Jessica is severely wounded.
* * * LOW HITPOINT WARNING * * *
You feel very sick.
Jessica hits you with a +2 dagger of venom.
* * * LOW HITPOINT WARNING * * *
You hit Jessica.
You kill Jessica!
You die...

########....#
#..# ##...#.#
#..# #...#.#
#..# #...#.#
#..# #...#.#
#..# #$..#.#
#..# #...#.#
#†.#
#...#)#####..#
#.....@......#
##..#.#####..#
+.>.### ...#
## ....#
....## .....#
#.....#
#.....#


There were no monsters in sight!

Vanquished Creatures
  Jessica (D:2)
  2 adders
  A worm (D:2)
  A dart slug (D:1)
  4 bats
  4 endoplasms
  2 hobgoblins
  2 jackals
  4 kobolds
  2 quokkas (D:1)
  4 ball pythons (D:1)
  6 goblins
  2 rats (D:1)
35 creatures vanquished.

Notes
Turn   | Place    | Note
-------+----------+-------------------------------------------
     0 | D:1      | Qrupt the Merfolk Gladiator began the quest for the Orb.
     0 | D:1      | Reached XP level 1. HP: 16/16 MP: 1/1
   199 | D:1      | Reached XP level 2. HP: 23/23 MP: 2/2
   618 | D:1      | Reached XP level 3. HP: 24/28 MP: 3/3
   764 | D:2      | Reached skill level 5 in Polearms
   799 | D:2      | Found a faded altar of an unknown god.
   806 | D:2      | Noticed Robin
  1216 | D:2      | Noticed Jessica
  1227 | D:2      | Killed Jessica
  1227 | D:2      | Succumbed to Jessica's poison

Illustrated notes

Levels and vault maps discovered:
D:1:      giann_wishing_wells, layout_basic
D:2:      layout_basic, serial_shops, shop, ebering_ecumenical_altar_box,
          minmay_misc_feat_columns, minmay_misc_feat_encased, uniq_jessica,
          uniq_robin

Skill      XL: |  1  2  3 |
---------------+----------+-----
Polearms       | 5 |  5.1
Fighting       | 3 |  3.0
Throwing       | |  2.6
Dodging        | |  4.6

Action                   || total
-------------------------++-------
Melee: Trident           ||   102
  Use: Potion            ||     1
 Stab: Sleeping          ||     1
Armor: Leather armour    ||    21
Dodge: Dodged            ||    76
